AoeStats
← Blyatman

Arabia

509941490Analyzed
2v2 RM · 4d ago on Sep 28, 2026· 73m 12s· 4 players
Game mode
Random Map
Map size
Medium (4 player)
Population
200
Speed
Normal
Resources
Standard
Victory
Conquest
Starting age
Dark Age
Ending age
Imperial Age
RankedLock teamsTeams togetherTeam positionsShared explorationLock speedFull tech treeHidden civsTurbo modeCheats
Victory
Defeat
🇩🇪 Vietnamese · Germany
1248
+14
🇩🇪 Lithuanians · Germany
1183
+18
🇫🇷 Ethiopians · France
1215
-16
🇫🇷 Franks · France
1208
-16
matthieu.games.67
7:32 Loom
10:06 Feudal Age
14:51 Forging
22:43 Castle Age
21:46 Scale Barding Armor
21:30 Double-Bit Axe
23:45 Husbandry
24:33 Bow Saw
27:51 Iron Casting
37:20 Imperial Age
37:23 Gold Mining
37:23 Stone Mining
41:05 Scale Mail Armor
42:06 Blast Furnace
40:36 Cavalier
45:11 Elite Throwing Axeman
47:22 Chain Mail Armor
51:55 Pikeman
52:37 Squires
52:55 Halberdier
58:27 Plate Mail Armor
63:08 Light Cavalry
67:35 Fletching
67:46 Padded Archer Armor
Loukfour
7:27 Loom
9:16 Feudal Age
15:11 Double-Bit Axe
19:04 Castle Age
17:35 Fletching
18:26 Padded Archer Armor
19:11 Crossbowman
19:48 Bodkin Arrow
19:53 Crossbowman
21:25 Bow Saw
22:38 Horse Collar
27:02 Thumb Ring
28:59 Wheelbarrow
29:56 Hand Cart
30:06 Stone Mining
30:10 Gold Mining
32:09 Heavy Plow
34:08 Leather Archer Armor
36:31 Imperial Age
34:54 Gold Shaft Mining
36:48 Town Watch
37:17 Bracer
38:35 Chemistry
37:55 Ballistics
37:04 Capped Ram
39:00 Arbalester
39:50 Siege Engineers
40:55 Conscription
41:31 Scale Mail Armor
41:32 Squires
42:34 Chain Mail Armor
42:30 Forging
42:33 Royal Heirs
41:58 Elite Shotel Warrior
44:48 Plate Mail Armor
44:53 Iron Casting
44:41 Siege Ram
47:21 Masonry
48:46 Blast Furnace
48:02 Leather Archer Armor
47:42 Halberdier
51:58 Torsion Engines
53:16 Two-Man Saw
52:44 Arson
54:19 Architecture
53:47 Murder Holes
56:19 Ring Archer Armor
63:22 Fortified Wall
66:45 Scale Barding Armor
67:24 Coinage
67:04 Guilds
67:07 Light Cavalry
67:47 Husbandry
67:54 Husbandry
68:37 Hussar
69:48 Chain Barding Armor
69:07 Heavy Camel Rider
Blyatman
7:37 Loom
9:45 Feudal Age
10:43 Double-Bit Axe
17:15 Padded Archer Armor
17:08 Fletching
18:12 Padded Archer Armor
25:02 Castle Age
24:18 Gold Mining
24:18 Horse Collar
25:03 Elite Skirmisher
25:41 Bodkin Arrow
26:01 Leather Archer Armor
26:01 Bow Saw
30:13 Forging
30:03 Scale Mail Armor
30:20 Pikeman
33:30 Wheelbarrow
34:03 Heavy Plow
41:01 Imperial Age
41:11 Imperial Age
39:11 Chain Mail Armor
39:01 Scale Barding Armor
40:10 Hand Cart
40:53 Iron Casting
42:15 Bloodlines
42:06 Husbandry
43:15 Chain Barding Armor
42:45 Imperial Skirmisher
43:42 Thumb Ring
45:03 Ring Archer Armor
44:34 Bracer
49:00 Plate Barding Armor
57:38 Ballistics
58:33 Chemistry
58:00 Town Watch
58:28 Elite Battle Elephant
61:04 Caravan
68:51 Squires
71:35 Chatras
72:02 Paper Money
Mo...
6:03 Loom
9:05 Feudal Age
9:35 Double-Bit Axe
19:03 Horse Collar
22:36 Castle Age
20:44 Scale Barding Armor
20:31 Horse Collar
23:10 Bloodlines
23:40 Chain Barding Armor
23:31 Forging
23:16 Gold Mining
23:41 Bow Saw
26:54 Husbandry
31:04 Heavy Plow
31:27 Fervor
34:52 Iron Casting
37:53 Wheelbarrow
37:40 Bow Saw
40:15 Hand Cart
45:36 Imperial Age
45:17 Town Watch
47:15 Plate Barding Armor
46:27 Cavalier
47:56 Paladin
49:34 Crop Rotation
51:46 Town Patrol
51:46 Fletching
51:56 Padded Archer Armor
52:13 Caravan
53:13 Bodkin Arrow
53:34 Leather Archer Armor
55:12 Chemistry
54:33 Ballistics
55:34 Ring Archer Armor
54:26 Elite Skirmisher
55:12 Thumb Ring
57:09 Conscription
56:22 Imperial Skirmisher
56:44 Treadmill Crane
57:31 Tower Shields
59:16 Bracer
60:17 Murder Holes
65:34 Two-Man Saw
70:15 Fortified Wall
70:24 Elite Leitis
Connection lost

Rejoining the realm…

Still unreachable

The connection could not be restored.

Session expired

The server has moved on; the page needs a fresh start.